 Dungeon Crawl Stone Soup version 0.26-a0-720-g2a1d101370 (webtiles) character file.

Game seed: 12378387766251305944

213 Murumi the Conjurer (level 5, 0/49 HPs)
             Began as an Ogre Conjurer on Nov 3, 2020.
             Slain by Crazy Yiuf
             ... wielding a +3 quarterstaff of chaos
              (13 damage)
             ... on level 3 of the Dungeon.
             The game lasted 00:11:41 (3427 turns).

Murumi the Conjurer (Ogre Conjurer)                 Turns: 3427, Time: 00:11:41

Health: 0/49       AC:  3    Str: 12    XL:     5   Next: 90%
Magic:  0/9        EV: 10    Int: 19    God:
Gold:   166        SH:  0    Dex: 13    Spells: 7/10 levels left

rFire    + . .     SeeInvis .   i - +0 whip (vamp)
rCold    . . .     Faith    .   (no shield)
rNeg     . . .     Spirit   .   p - +0 robe (curse)
rPois    .         Reflect  .   (helmet restricted)
rElec    .         Harm     .   (no cloak)
rCorr    .         Rampage  .   (gloves unavailable)
MR       .....                  (boots unavailable)
Stlth    ++........             (no amulet)
HPRegen  0.16/turn              n - ring of protection from fire
MPRegen  0.11/turn              k - +6 ring of dexterity

@: mighty, very slightly contaminated
A: large, unfitting armour, tough skin 1
a: no special abilities


You were on level 3 of the Dungeon.
You visited 1 branch of the dungeon, and saw 3 of its levels.

You collected 166 gold pieces.

Inventory:

Hand Weapons
 d - a +0 whip
 i - a +0 vampiric whip (weapon)
Missiles
 c - 60 stones (quivered)
 f - 8 atropa-tipped darts
Armour
 p - a cursed +0 robe (worn)
 r - a +0 kite shield
Jewellery
 g - an uncursed ring of see invisible
 k - a +6 ring of dexterity (right hand)
 n - a ring of protection from fire (left hand)
Wands
 a - a wand of paralysis (5)
Scrolls
 j - 6 scrolls of teleportation
 q - a scroll of fear
Potions
 b - a potion of flight
 e - a potion of resistance
 h - a potion of heal wounds
 l - a potion of magic {unknown}
 m - 2 potions of berserk rage
 o - 3 potions of lignification
 s - 2 potions of brilliance {unknown}


   Skills:
 - Level 2.0 Fighting
 + Level 2.2 Maces & Flails
 - Level 3.0 Throwing
 - Level 2.0 Dodging
 - Level 2.0 Stealth
 - Level 3.0 Spellcasting
 - Level 4.0 Conjurations


You had 7 spell levels left.
You knew the following spells:

 Your Spells              Type           Power        Failure   Level
a - Magic Dart            Conj           ###.         3%          1
b - Searing Ray           Conj           ###...       4%          2

Your spell library contained the following spells:

 Spells                   Type           Power        Failure   Level
 Dazzling Flash           Conj/Hex       ##....       21%         3
 Fulminant Prism          Conj/Hex       ##........   54%         4
 Iskenderun's Mystic Bla  Conj/Tloc      ##......     54%         4


Dungeon Overview and Level Annotations

Branches:
Dungeon (3/15)

Altars:

Annotations:
D:3 Crazy Yiuf


Innate Abilities, Weirdness & Mutations

You are too large for most types of armour.
You have tough skin. (AC +1)


Message History

You miscast Searing Ray.
You are very lightly contaminated with residual magic.
Nothing appears to happen.
Crazy Yiuf hits you with a +3 quarterstaff of chaos!
You feel very mighty all of a sudden. Crazy Yiuf barely misses you.
You closely miss Crazy Yiuf.
Crazy Yiuf hits you with a +3 quarterstaff of chaos!
You feel your power leaking away.
You are too injured to fight recklessly!
You are too injured to fight recklessly!
You whack Crazy Yiuf!
Crazy Yiuf is heavily wounded.
Crazy Yiuf hits you with a +3 quarterstaff of chaos!
* * * LOW HITPOINT WARNING * * *
You feel your power leaking away.
You barely miss Crazy Yiuf.
Crazy Yiuf is heavily wounded.
Crazy Yiuf hits you with a +3 quarterstaff of chaos!
You die...

#.###.#.###........###...[##....#
#...........##.#..........##....#
#.####..............##.#..##....#
#.# #[..################.##....#
### #...# #..#....# #..)#
########.##.### #...# ###
###.#...##..#.# ##...#
#...##..#......#.#.# #....#
#...g@####.......#.# #....#
#)..### ##..#...#.# #....# ###
######.#.# #....# #.#.### #....#
##.#.##. #.†..# ######## #.......
###### #.#....####.......
####.#.<..##.........
#....#....####.......


You could see Crazy Yiuf.

Vanquished Creatures
  Ijyb (D:3)
  An iguana (D:2)
  Robin (D:2)
  4 gnolls (D:2)
  4 adders
  An ooze (D:1)
  A dart slug (D:1)
  2 leopard geckos (D:2)
  5 giant cockroaches
  17 goblins
  5 hobgoblins
  10 kobolds
  A ball python (D:1)
  10 bats
  4 frilled lizards
  4 rats (D:2)
71 creatures vanquished.

Notes
Turn   | Place    | Note
-------+----------+-------------------------------------------
     0 | D:1      | Murumi the Ogre Conjurer began the quest for the Orb.
     0 | D:1      | Reached XP level 1. HP: 16/16 MP: 3/3
   258 | D:1      | Reached XP level 2. HP: 24/24 MP: 4/6
   282 | D:1      | Learned a level 2 spell: Searing Ray
   698 | D:1      | Reached skill level 4 in Conjurations
  1070 | D:1      | Reached XP level 3. HP: 31/31 MP: 5/7
  1444 | D:2      | Reached skill level 1 in Throwing
  1501 | D:2      | Noticed Robin
  1517 | D:2      | Killed Robin
  1517 | D:2      | Reached skill level 1 in Maces & Flails
  1517 | D:2      | Reached XP level 4. HP: 40/40 MP: 3/8
  1543 | D:2      | Reached skill level 1 in Fighting
  2230 | D:2      | Reached XP level 5. HP: 48/48 MP: 6/9
  2787 | D:3      | Noticed Ijyb
  2796 | D:3      | Paralysed by Ijyb for 6 turns
  2808 | D:3      | Killed Ijyb
  3154 | D:3      | Found a faded altar of an unknown god.
  3311 | D:3      | Found a runed translucent door.
  3312 | D:3      | Noticed Crazy Yiuf
  3427 | D:3      | Slain by Crazy Yiuf

Illustrated notes

Levels and vault maps discovered:
D:1:      eino_arrival_cavern_a, layout_loops_ring, minmay_box_of_dots
D:2:      layout_loops_ring, uniq_robin
D:3:      layout_basic, chequers_ecumenical_altar_simple_redux, uniq_ijyb,
          uniq_crazy_yiuf_cottage

Skill      XL: |  1  2  3  4  5 |
---------------+----------------+-----
Spellcasting   | 3 |  3.0
Conjurations   | 4 |  4.0
Dodging        | 2 |  2.0
Stealth        | 2 |  2.0
Throwing       | 1 2 3 |  3.0
Maces & Flails | 1 2 |  2.2
Fighting       | 1 2 |  2.0

Action                   |  1- 3 |  4- 6 || total
-------------------------+-------+-------++-------
Melee: Unarmed           |     4 |       ||     4
       Whip              |     3 |    83 ||    86
Throw: Stone             |    18 |   108 ||   126
 Cast: Magic Dart        |    39 |     4 ||    43
       Searing Ray       |     7 |     8 ||    15
  Use: Scroll            |     4 |     8 ||    12
 Stab: Sleeping          |       |     3 ||     3
Armor: Robe              |    11 |    29 ||    40
Dodge: Dodged            |     6 |    43 ||    49

Table legend: (Time is in decaauts)
 A = Elapsed time spent in this place.
 B = Non-inter-level travel time spent in this place.
 C = Inter-level travel time spent in this place.
 D = Time resting spent in this place.
 E = Time spent auto-exploring this place.
 F = Levels seen in this place.
 G = Mean time per level.
                   A        B        C        D        E       F      G
               +--------+--------+--------+--------+--------+-----+--------+
         Total |   3432 |   3301 |    131 |     71 |   2695 |   3 | 1144.0 |
       Dungeon |   3432 |   3301 |    131 |     71 |   2695 |   3 | 1144.0 |
               +--------+--------+--------+--------+--------+-----+--------+

Top non-repeatable levels by time:
     D:2: 1400 daAuts
     D:1: 1389 daAuts
     D:3: 642 daAuts
